AoeStats
← Worker

Four Lakes

510194120Analyzed
1v1 RM · 2d ago on Sep 29, 2026· 19m 44s· 2 players
Game mode
Random Map
Map size
Tiny (2 player)
Population
200
Speed
Normal
Resources
Standard
Victory
Conquest
Starting age
Dark Age
Ending age
Imperial Age
RankedLock teamsTeams togetherTeam positionsShared explorationLock speedFull tech treeHidden civsTurbo modeCheats
Victory
Defeat
🇵🇪 Lithuanians · Peru
1132
+15
🇺🇸 Bulgarians · United States
1119
-15
Worker
9:26 Feudal Age
10:39 Loom
12:35 Forging
15:15 Padded Archer Armor
15:17 Scale Mail Armor
20:51 Castle Age
DENYS1815
10:34 Feudal Age
17:20 Castle Age
16:59 Fletching
18:02 Loom
18:21 Crossbowman
19:17 Bodkin Arrow
Connection lost

Rejoining the realm…

Still unreachable

The connection could not be restored.

Session expired

The server has moved on; the page needs a fresh start.